 Dungeon Crawl Stone Soup version 0.29-a0-294-g83ea962da3 (webtiles) character file.

Game seed: 3681829140366536503

16 sanka the Basher (level 2, 26/26 HPs)
             Began as a Gnoll Wanderer on Mar 18, 2022.
             Quit the game on level 1 of the Dungeon.
             The game lasted 00:00:47 (983 turns).

sanka the Basher (Gnoll Wanderer)                    Turns: 983, Time: 00:00:47

Health: 26/26      AC:  3    Str: 13    XL:     2   Next: 58%
Magic:  2/2        EV: 11    Int:  9    God:
Gold:   36         SH:  0    Dex: 11    Spells: 1/1 levels left

rFire   . . .      SeeInvis .   a - +2 mace
rCold   . . .      Faith    .   (no shield)
rNeg    . . .      Spirit   .   e - +0 leather armour
rPois   .          Reflect  .   (no helmet)
rElec   .          Harm     .   (no cloak)
rCorr   .          Rampage  .   (no gloves)
Will    .....                   (no boots)
Stlth   +.........              (no amulet)
HPRegen 0.08/turn               (no ring)
MPRegen 0.08/turn               (no ring)

@: no status effects
A: fangs 1, strong nose, distributed training
a: no special abilities


You were on level 1 of the Dungeon.
You visited 1 branch of the dungeon, and saw 1 of its levels.

You collected 36 gold pieces.


Innate Abilities, Weirdness & Mutations

You have very sharp teeth.
Your uncanny sense of smell can sniff out nearby items.
Your experience applies equally to all skills.


   Skills:
 + Level 4.5 Fighting
 + Level 0.4 Short Blades
 + Level 0.4 Long Blades
 + Level 2.5 Axes
 + Level 8.5 Maces & Flails
 + Level 0.4 Polearms
 + Level 0.4 Staves
 + Level 0.4 Slings
 + Level 0.4 Bows
 + Level 0.4 Crossbows
 + Level 0.4 Throwing
 + Level 0.4 Armour
 + Level 0.4 Dodging
 + Level 0.4 Stealth
 + Level 0.4 Shields
 + Level 0.4 Unarmed Combat
 + Level 0.4 Spellcasting
 + Level 0.2 Conjurations
 + Level 0.2 Hexes
 + Level 0.2 Summonings
 + Level 0.2 Necromancy
 + Level 0.2 Translocations
 + Level 0.2 Transmutations
 + Level 0.2 Fire Magic
 + Level 0.2 Ice Magic
 + Level 0.2 Air Magic
 + Level 0.2 Earth Magic
 + Level 0.2 Poison Magic
 + Level 0.5 Invocations
 + Level 6.5 Evocations


You had one spell level left.
You didn't know any spells.
Your spell library was empty.

Inventory:

Hand Weapons
 a - a +2 mace (weapon)
 b - a +0 hand axe
Armour
 e - a +0 leather armour (worn)
Wands
 c - a wand of polymorph (4) (quivered)
Scrolls
 h - a scroll of summoning {unknown}
Potions
 d - a potion of lignification {!q}
 f - 4 potions of mutation {unknown}
 g - 2 potions of curing {unknown}

Dungeon Overview and Level Annotations

Branches:
Dungeon (1/15)

Altars:

Shops:
D:1

= ▒▒▒ ▒.÷▒▒▒▒▒▒▒ ▒.▒
▒...........
▒▒.▒▒▒▒▒▒▒▒. ▒.▒ ▒.
▒▒▒▒.▒▒▒ ▒.▒▒
▒......▒ ..▒ ▒.▒▒.▒.▒
▒8▒ ▒.▒▒.▒.▒
▒▒▒▒.▒▒▒▒
▒▒▒.▒▒.▒.▒▒▒▒.8>g.8.▒
....................▒
▒▒▒......▒▒▒▒▒▒▒8.▒.▒
▒▒▒....▒ ▒..▒.▒
▒.....▒ ▒▒▒▒.▒
▒▒.).▒▒ ▒.▒ ▒▒.▒▒
▒▒▒▒▒▒.▒▒ ▒.▒
▒.......▒▒▒▒ ▒.▒
▒.▒▒.......▒


There were no monsters in sight!


Message History

You kill the hobgoblin!
No target in view!
No target in view!
Found a hunting sling.
Found 15 gold pieces.
You now have 27 gold pieces (gained 15).
You open the door.
A hobgoblin comes into view.
Found a spear.
A hobgoblin is nearby!
The hobgoblin shouts!
There is an open door here.
You closely miss the hobgoblin. Your bite misses the hobgoblin.
You thump the hobgoblin!
You kill the hobgoblin!
No target in view!
No target in view!
You open the door.
There is an open door here.
There is a staircase leading out of the dungeon here.
You open the door.
Found 9 gold pieces.
There is an open door here.
You now have 36 gold pieces (gained 9).
Found Hyrrimaz's Jewellery Boutique.
Found an escape hatch in the floor.
There is an entrance to Hyrrimaz's Jewellery Boutique here.
You can access your shopping list by pressing '$'.
Are you sure you want to abandon this character and quit the game? (Confirm with "yes".)

Action                   || total
-------------------------++-------
Melee: Mace              ||    41
       Bite              ||     4
Armor: Leather armour    ||    19
Dodge: Dodged            ||    44

Levels and vault maps discovered:
D:1:      eino_arrival_tree_alley, layout_loops_corners, serial_shops,
          nicolae_shop_statue_plus

Notes
Turn   | Place    | Note
-------+----------+-------------------------------------------
     0 | D:1      | sanka the Gnoll Wanderer began the quest for the Orb.
     0 | D:1      | sanka set off with the following items: a +2 mace, a +0
                  | hand axe, a wand of polymorph (4), a potion of
                  | lignification {!q}, a +0 leather armour
     0 | D:1      | Reached XP level 1. HP: 20/20 MP: 1/1
    98 | D:1      | Reached XP level 2. HP: 7/26 MP: 2/2
   978 | D:1      | Found Hyrrimaz's Jewellery Boutique.
   983 | D:1      | Quit the game

Vanquished Creatures
  A bat (D:1)
  2 endoplasms (D:1)
  2 hobgoblins (D:1)
  4 jackals (D:1)
  3 kobolds (D:1)
  A rat (D:1)
13 creatures vanquished.
